 Dungeon Crawl Stone Soup version 0.18-a0-329-g5b4d444 (webtiles) character file.

10327 Proton the Blocker (level 11, 0/89 HPs)
             Began as a Formicid Fighter on Nov 28, 2015.
             Was a Believer of Ru.
             Slain by an unseen horror (9 damage)
             ... on level 13 of the Dungeon.
             The game lasted 00:20:50 (9293 turns).

Proton the Blocker (Formicid Fighter)               Turns: 9293, Time: 00:20:50

Health: 0/89       AC: 13    Str: 23    XL:     11   Next: 90%
Magic:  11/11      EV: 14    Int:  7    God:    Ru [**....]
Gold:   292        SH: 12    Dex: 12    Spells: 0 memorised, 10 levels left

rFire  + . .     SeeInvis +     A - +7 spear "Poptifea" {pierce, rF+}
rCold  . . .     Clarity  +     N - +1 ring mail {MR+}
rNeg   . . .     SustAt   .     c - +0 shield
rPois  .         Gourm    .     (helmet unavailable)
rElec  .         Spirit   .     (no cloak)
rCorr  .         Warding  .     J - +2 pair of gloves
rMut   .         Stasis   +     I - +0 pair of boots {Fly}
MR     ++...                    (no amulet)
Stlth  +.........               (no ring)
                                L - ring of wizardry

@: flying, very resistant to hostile enchantments, very unstealthy
A: permanent stasis, dig shafts and tunnels, four strong arms, antennae 3,
talons 1, thin skeletal structure 1, clarity, weak 1, hated by all, no
conjurations magic, no earth magic, no transmutations magic
a: Dig, Shaft Self, Renounce Religion, Stop Flying


You were on level 13 of the Dungeon.
You worshipped Ru.
Ru was pleased with you.
You were not hungry.

You visited 1 branch of the dungeon, and saw 13 of its levels.
You also visited: Sewer.

You collected 544 gold pieces.
You spent 252 gold pieces at shops.

Inventory:

Hand Weapons
 a - a +0 war axe
 A - the +7 spear "Poptifea" (weapon) {pierce, rF+}
   (You found it on level 4 of the Dungeon)

   It inflicts extra damage upon your enemies.
   It protects you from fire.
Missiles
 v - 7 javelins (quivered)
Armour
 c - a +0 shield (worn)
 I - a +0 pair of boots of flying (worn)
 J - a +2 pair of gloves (worn)
 N - a +1 ring mail of magic resistance (worn)
Jewellery
 o - an uncursed ring of flight {unknown}
 L - a ring of wizardry (left hand)
Wands
 F - a wand of fireball (2)
Scrolls
 e - a scroll of enchant armour {unknown}
 g - 5 scrolls of teleportation {unknown}
 j - 3 scrolls of blinking {unknown}
 m - 2 scrolls of fear {unknown}
 n - 9 scrolls of remove curse
 s - a scroll of immolation {unknown}
 u - 7 scrolls of enchant weapon {unknown}
 x - a scroll of random uselessness {unknown}
 y - 3 scrolls of fog {unknown}
 z - a scroll of identify
 E - 2 scrolls of recharging {unknown}
 G - a scroll of amnesia {unknown}
Potions
 b - 2 potions of flight {unknown}
 d - 6 potions of might
 f - 4 potions of mutation {unknown}
 i - 3 potions of agility {unknown}
 k - 8 potions of heal wounds {unknown}
 l - a potion of cure mutation {unknown}
 q - 2 potions of degeneration {unknown}
 r - 8 potions of curing
 w - a potion of magic
 B - 2 potions of lignification
 D - a potion of brilliance
 K - a potion of resistance
 M - a potion of invisibility
Comestibles
 p - 8 meat rations
 t - 15 fruits


   Skills:
 + Level 9.6 Fighting
 + Level 8.3 Axes
 + Level 9.6 Armour
 + Level 7.2 Dodging
 + Level 10.1 Shields


You had 10 spell levels left.
You didn't know any spells.

Dungeon Overview and Level Annotations

Branches:
Dungeon (14/15)
 Temple: D:4-7         Lair: D:8-11         Orc: D:9-12      Vaults: D:13-14

Altars:
Elyvilon
Fedhas
Makhleb
Ru
Yredelemnul

Shops:
D:4 (   D:6 [   D:7 %   D:12 [

Annotations:
D:11 Maud


Innate Abilities, Weirdness & Mutations

You are under a permanent stasis effect.
You can dig through walls and to a lower floor.
Your four strong arms can wield two-handed weapons with a shield.
You have a pair of large antennae on your head (SInv).
You are hated by all.
You cannot study or cast Conjurations magic.
You cannot study or cast Earth magic.
You cannot study or cast Transmutations magic.
You have sharp toenails.
You have a somewhat thin skeletal structure (Dex +2, Stealth).
You possess an exceptional clarity of mind.
You are weak. (Str -2)


Message History

The unseen horror is heavily wounded.
You block the unseen horror's attack.
You hit the unseen horror.
The unseen horror is severely wounded.
The unseen horror hits you but does no damage.
You block the unseen horror's attack.
You hit the unseen horror but do no damage.
The unseen horror is heavily wounded.
The unseen horror hits you but does no damage.
The unseen horror is stunned by your will and fails to attack.
The unseen horror hits you.
* * * LOW HITPOINT WARNING * * *
You puncture the unseen horror!
The unseen horror is almost dead.
You block the unseen horror's attack.
Your ring mail prevents you from hitting the unseen horror.
The unseen horror is almost dead.
The unseen horror misses you. The unseen horror hits you!
You die...

########
##......##
##...x....##
#...@......#
##........##
##.......######
#######......###
##...#...#
###..## . ##..#
. ##.###...
#.).....


You could see an unseen horror (invisible).

Vanquished Creatures
  The ghost of Arkorax the Skirmisher, a novice NaFi (D:5)
  3 hill giants
  2 ugly things (D:13)
  Psyche (D:9)
  3 centaur skeletons
  Grinder (D:6)
  3 yaks (D:11)
  A deep elf mage (D:11)
  A wyvern (D:11)
  A shadow (D:11)
  A mottled dragon (D:13)
  A soldier ant (D:12)
  A hungry ghost (D:10)
  A water moccasin (D:9)
  Edmund (D:6)
  A hippogriff (D:11)
  Duvessa (D:5)
  2 sky beasts
  2 wasps (D:11)
  A phantom (D:6)
  A black bear (D:5)
  2 ice beasts
  A necrophage (D:9)
  8 ogres
  An orc warrior (D:10)
  A crocodile (D:13)
  3 centaurs
  4 big kobolds
  Dowan (D:5)
  6 giant frogs
  5 killer bees
  2 scorpions
  8 wights (D:9)
  4 crimson imps
  4 hounds
  2 giant frog skeletons (D:11)
  2 giant frog zombies
  3 orc priests
  4 iguanas
  7 orc wizards
  8 worker ants
  A hound zombie (D:5)
  A hound skeleton (D:9)
  17 adders
  7 gnolls
  A worker ant zombie (D:10)
  5 river rats (Sewer)
  A shadow imp (D:4)
  2 oozes
  An adder skeleton (D:5)
  An adder zombie (D:9)
  2 worms (D:3)
  6 giant geckos
  11 orcs
  5 ball pythons (Sewer)
  6 giant cockroaches
  13 goblins
  8 hobgoblins
  21 kobolds
  5 quokkas
  13 bats
  A giant cockroach zombie (D:6)
  A giant gecko skeleton (D:4)
  6 giant newts
  19 jackals
  A jackal skeleton (D:4)
  26 rats
287 creatures vanquished.

Vanquished Creatures (others)
  A yak (D:11)
  A giant frog zombie (D:12)
  An orc (D:10)
3 creatures vanquished.

Grand Total: 290 creatures vanquished

Notes
Turn   | Place    | Note
--------------------------------------------------------------
     0 | D:1      | Proton the Formicid Fighter began the quest for the Orb.
     0 | D:1      | Reached XP level 1. HP: 18/18 MP: 1/1
    92 | D:1      | Reached XP level 2. HP: 21/24 MP: 2/2
   329 | D:1      | Reached XP level 3. HP: 25/29 MP: 3/3
   555 | D:2      | Found a white marble altar of Elyvilon.
   613 | D:2      | Reached skill level 1 in Dodging
   613 | D:2      | Reached skill level 4 in Shields
   632 | D:2      | Reached XP level 4. HP: 18/37 MP: 4/4
  1056 | D:2      | Reached XP level 5. HP: 19/42 MP: 5/5
  1943 | D:3      | Found a basalt altar of Yredelemnul.
  2213 | D:4      | Noticed an ogre
  2262 | D:4      | Reached XP level 6. HP: 37/48 MP: 6/6
  2276 | D:4      | Found a blossoming altar of Fedhas.
  2290 | D:4      | Got an encrusted spear
  2291 | D:4      | Identified the +7 spear "Poptifea" {pierce, rF+} (You found it on level 4 of the Dungeon)
  2325 | D:4      | Reached skill level 5 in Shields
  2440 | D:4      | Found Joemp's Weapon Emporium.
  2503 | D:4      | Reached XP level 7. HP: 55/55 MP: 7/7
  2792 | D:4      | Found a glowing drain.
  2808 | Sewer    | Entered a sewer
  2890 | Sewer    | Reached skill level 5 in Fighting
  3019 | Sewer    | Reached skill level 5 in Armour
  3104 | Sewer    | Reached XP level 8. HP: 54/62 MP: 8/8
  3424 | D:5      | Entered Level 5 of the Dungeon
  3643 | D:5      | Noticed Arkorax's ghost (novice NaFi)
  3795 | D:5      | Noticed Duvessa
  3807 | D:5      | Noticed Dowan
  3810 | D:5      | Killed Duvessa
  3819 | D:5      | Reached skill level 6 in Shields
  3822 | D:5      | Killed Dowan
  3954 | D:6      | Found a sacrificial altar of Ru.
  3970 | D:6      | Became a worshipper of Ru the Awakened
  4135 | D:6      | Noticed Grinder
  4155 | D:6      | Killed Grinder
  4155 | D:6      | Reached XP level 9. HP: 62/69 MP: 9/9
  4210 | D:6      | Found Cieroladd's Antique Armour Shoppe.
  4213 | D:6      | Bought a pair of glowing boots for 126 gold pieces
  4213 | D:6      | Bought a pair of embroidered gloves for 126 gold pieces
  4332 | D:6      | Reached skill level 5 in Axes
  4543 | D:6      | Noticed Edmund
  4573 | D:6      | Killed Edmund
  4611 | D:6      | Reached skill level 7 in Shields
  4615 | D:6      | Gained mutation: You have sharp toenails. [mutagenic meat]
  4616 | D:6      | Gained mutation: Your mind is acute. (Int +2) [mutagenic meat]
  4617 | D:6      | Gained mutation: You have a somewhat thin skeletal structure (Dex +2, Stealth). [mutagenic meat]
  4618 | D:6      | Lost mutation: Your mind is acute. (Int +2) [mutagenic meat]
  4619 | D:6      | Gained mutation: You are weak. (Str -2) [mutagenic meat]
  4768 | D:5      | Found a sacrificial altar of Ru.
  4845 | D:5      | Found a burning altar of Makhleb.
  5219 | D:5      | Killed Arkorax's ghost
  5330 | D:6      | Reached XP level 10. HP: 71/79 MP: 10/10
  5332 | D:6      | Reached skill level 5 in Dodging
  5393 | D:7      | Found Begreax's Food Emporium.
  5441 | D:7      | Gained mutation: You cannot study or cast Earth magic. [Ru sacrifice]
  5441 | D:7      | Gained mutation: You cannot study or cast Transmutations magic. [Ru sacrifice]
  5441 | D:7      | Gained mutation: You cannot study or cast Conjurations magic. [Ru sacrifice]
  5441 | D:7      | Reached * piety under Ru
  5457 | D:7      | You are sucked into a shaft for 3 floors!
  5457 | D:10     | Entered Level 10 of the Dungeon
  5769 | D:10     | Noticed a hill giant
  5810 | D:9      | Reached skill level 8 in Shields
  6291 | D:9      | Gained mutation: You possess an exceptional clarity of mind. [potion of beneficial mutation]
  6656 | D:9      | Noticed Psyche
  6673 | D:9      | Killed Psyche
  7144 | D:10     | Found a blossoming altar of Fedhas.
  7328 | D:10     | Killed a hill giant
  7328 | D:10     | Reached XP level 11. HP: 33/87 MP: 11/11
  7416 | D:11     | Noticed a green ugly thing
  7426 | D:10     | Gained mutation: You are hated by all. [Ru sacrifice]
  7426 | D:10     | Reached ** piety under Ru
  7571 | D:11     | Found a blossoming altar of Fedhas.
  7598 | D:11     | Reached skill level 9 in Shields
  7768 | D:11     | Noticed a cyan ugly thing
  8319 | D:12     | Noticed a hill giant
  8320 | D:12     | Found Cosif's Armour Shop.
  8642 | D:11     | Noticed a hill giant
  8664 | D:11     | Killed a hill giant
  8735 | D:11     | Noticed Maud
  8744 | D:11     | Noticed a brown ugly thing
  8778 | D:11     | HP: 2/89 [acid (10)]
  8868 | D:11     | You are sucked into a shaft for 3 floors!
  9168 | D:13     | Noticed a green ugly thing
  9188 | D:13     | Killed a green ugly thing
  9216 | D:13     | Noticed a purple ugly thing
  9228 | D:13     | Noticed a hill giant
  9232 | D:13     | Killed a purple ugly thing
  9232 | D:13     | Reached skill level 10 in Shields
  9247 | D:13     | Noticed an unseen horror
  9249 | D:13     | Killed a hill giant
  9293 | D:13     | Slain by an unseen horror

Vault maps used:
D:1:      scummos_arrival_checkerplants
D:2:      nicolae_overflow_hidden_temple, minmay_surrounded
D:3:      first_bread, yredelemnul_altar_generic
D:4:      lemuel_crystal_altar, serial_shops, nicolae_shop_waterfront,
          portal_sewer_entry_d
D:5:      kennysheep_mini_moat, lemuel_tele_altar, uniq_duvessa
D:6:      serial_shops, nicolae_shop_behind_doors,
          minmay_misc_feat_secret_circle, nicolae_ru_great_annihilating_truth,
          uniq_edmund, uniq_grinder
D:7:      old_standard_altar, minmay_temple_entry_mist, serial_shops, shop,
          kennysheep_mini, nicolae_shop_window_shopping, shop, basic_altar
D:9:      minmay_misc_feat_iff, uniq_psyche
D:10:     hangedman_tree_tricks
D:11:     st_stairs_7, fedhas_bush_and_centaur_altar, uniq_maud
D:12:     orc_david_3, serial_column_ruins, column_ruins_hut, column_ruins_hut,
          column_ruins_corridor_corner, column_ruins_columns_straight,
          column_ruins_grid_3
D:14:     minmay_elf_outpost, lightli_vaults_fourway_checkpoint,
          serial_park_tiny_1, serial_shops, shop, uniq_urug, uniq_frances
Sewer:    sewer_minmay_treatment

Action                   |  1- 3 |  4- 6 |  7- 9 | 10-12 || total
-------------------------+-------+-------+-------+-------++-------
Melee: War axe           |    85 |   183 |       |       ||   268
       Spear             |       |    10 |   335 |   566 ||   911
Throw: Javelin           |       |     2 |     3 |    11 ||    16
Invok: Sacrifice Arcana  |       |       |       |     1 ||     1
       Sacrifice Love    |       |       |       |     1 ||     1
 Abil: Dig               |     1 |       |       |       ||     1
       Shaft Self        |       |       |       |     2 ||     2
  Use: Scroll            |       |       |     1 |     9 ||    10
       Potion            |       |       |       |     1 ||     1
 Stab: Distracted        |       |       |       |     2 ||     2
  Eat: Bread ration      |       |     1 |     3 |     3 ||     7
       Chunk             |       |       |     5 |       ||     5
       Beef jerky        |       |       |       |     1 ||     1
       Pizza             |       |       |       |     1 ||     1
